TOP OF THE 1ST |
San Antonio BC batting - Pitching for Asheville Highlanders : RHP Jacob Petithomme
|
Pitching: RHP Jacob Petithomme
|
|
Batting: LHB Sidney Dollarhide
|
0-0: Called Strike 0-1: Called Strike 0-2: Strikes out swinging
|
Batting: RHB Alfonso Torres
|
0-0: Ball 1-0: Ball 2-0: Called Strike 2-1: Ball 3-1: SINGLE (Groundball, 34D)
|
Batting: RHB Mike Howard
|
0-0: Swinging Strike 0-1: Ball 1-1: Ball Alfonso Torres is caught stealing 2nd base 2-1: Swinging Strike 2-2: Foul Ball, location: 2F 2-2: Foul Ball, location: 2F 2-2: Ball 3-2: Strikes out looking
|
Top of the 1st over - 0 runs, 1 hit, 0 errors, 0 left on base; San Antonio 0 - Asheville 0 |
BOTTOM OF THE 1ST |
Asheville Highlanders batting - Pitching for San Antonio BC : RHP Shawn Coleman
|
Pitching: RHP Shawn Coleman
|
|
Batting: RHB Arnie Taylor
|
0-0: DOUBLE (Line Drive, 8RD)
|
Batting: RHB Jason Alston
|
0-0: Ball 1-0: Ball 2-0: Ball 3-0: Called Strike 3-1: Swinging Strike 3-2: Base on Balls
|
Batting: LHB DeMarvion Overshown
|
0-0: SINGLE (Flyball, 8RS) Arnie Taylor to third Jason Alston to second Runner from 3rd tries for Home, SAFE, no throw
|
Batting: LHB Johnny Carter
|
0-0: Ball 1-0: Ball 2-0: Ball 3-0: Called Strike 3-1: Foul Ball, location: 2F 3-2: Base on Balls Jason Alston to third DeMarvion Overshown to second
|
Batting: RHB Tae-gyoon Ch'oe
|
0-0: Called Strike 0-1: Foul Ball, location: 2F 0-2: Strikes out swinging
|
Batting: RHB Yoshihiro Iwasaki
|
0-0: GRAND SLAM HOME RUN (Flyball, 7LD), Distance : 365 ft
|
Batting: SHB Jeff Lowe
|
0-0: Ball 1-0: Ball 2-0: Called Strike 2-1: Fly out, F8 (Flyball, 8LM)
|
Batting: LHB Luis Serrano
|
0-0: Ground out U3 (Groundball, 3L)
|
Bottom of the 1st over - 5 runs, 3 hits, 0 errors, 0 left on base; San Antonio 0 - Asheville 5 |
TOP OF THE 2ND |
San Antonio BC batting - Pitching for Asheville Highlanders : RHP Jacob Petithomme
|
Batting: RHB Chet Mathis
|
0-0: Ball 1-0: SINGLE (Flyball, 89S)
|
Batting: RHB Silverberry Mouhon
|
0-0: TRIPLE (Line Drive, 89XD) Chet Mathis scores
|
Batting: RHB Dixon Snyder
|
0-0: Foul Ball, location: 2F 0-1: Foul Ball, location: 2F 0-2: Ball 1-2: Ball 2-2: Fly out, F4 (Line Drive, 4)
|
Batting: RHB Brodie Floyd
|
0-0: Called Strike 0-1: Swinging Strike 0-2: Strikes out looking
|
Batting: RHB Renato Lavado
|
0-0: Ball 1-0: Foul Ball, location: 2F 1-1: Fly out, F9 (Flyball, 9)
|
Top of the 2nd over - 1 run, 2 hits, 0 errors, 1 left on base; San Antonio 1 - Asheville 5 |
BOTTOM OF THE 2ND |
Asheville Highlanders batting - Pitching for San Antonio BC : RHP Shawn Coleman
|
Batting: RHB Javier Cordero
|
0-0: Ball 1-0: Foul Ball, location: 2F 1-1: Foul Ball, location: 2F 1-2: Ball 2-2: Ball 3-2: Foul Ball, location: 2F 3-2: Fly out, F7 (Line Drive, 7S)
|
Batting: RHB Arnie Taylor
|
0-0: Ball 1-0: Called Strike 1-1: Ball 2-1: Foul Ball, location: 2F 2-2: SINGLE (Groundball, 6MD)
|
Batting: RHB Jason Alston
|
0-0: Ball Arnie Taylor steals 2nd base 1-0: Ball 2-0: Ball 3-0: Called Strike 3-1: Base on Balls
|
Batting: LHB DeMarvion Overshown
|
0-0: Ball Arnie Taylor steals 3rd base Jason Alston to second 1-0: Fly out, F8 (Flyball, 8LS) Runner from 3rd tags up, SCORES, no throw
|
Batting: LHB Johnny Carter
|
0-0: Ball 1-0: Ball 2-0: Called Strike 2-1: Called Strike 2-2: Ground out 4-3 (Groundball, 4)
|
Bottom of the 2nd over - 1 run, 1 hit, 0 errors, 1 left on base; San Antonio 1 - Asheville 6 |
TOP OF THE 3RD |
San Antonio BC batting - Pitching for Asheville Highlanders : RHP Jacob Petithomme
|
Batting: RHB Tong-sik Im
|
0-0: Ball 1-0: Ball 2-0: Ground out 4-3 (Groundball, 34)
|
Batting: LHB Sidney Dollarhide
|
0-0: Fly out, F8 (Line Drive, 8RM)
|
Batting: RHB Alfonso Torres
|
0-0: Ball 1-0: Swinging Strike 1-1: SINGLE (Flyball, 9LM)
|
Batting: RHB Mike Howard
|
0-0: Ball 1-0: Called Strike 1-1: Fly out, F3 (Popup, 3L)
|
Top of the 3rd over - 0 runs, 1 hit, 0 errors, 1 left on base; San Antonio 1 - Asheville 6 |
BOTTOM OF THE 3RD |
Asheville Highlanders batting - Pitching for San Antonio BC : RHP Shawn Coleman
|
Batting: RHB Tae-gyoon Ch'oe
|
0-0: Ball 1-0: Foul Ball, location: 2F 1-1: Foul Ball, location: 2F 1-2: Fly out, F4 (Line Drive, 4M)
|
Batting: RHB Yoshihiro Iwasaki
|
0-0: Ball 1-0: Foul Ball, location: 2F 1-1: Called Strike 1-2: Ball 2-2: Ball 3-2: Strikes out swinging
|
Batting: SHB Jeff Lowe
|
0-0: Ball 1-0: Called Strike 1-1: Swinging Strike 1-2: Ball 2-2: SINGLE (Groundball, 6MS) (infield hit)
|
Batting: LHB Luis Serrano
|
0-0: Called Strike 0-1: Ball 1-1: Called Strike 1-2: Ground out 4-3 (Groundball, 34D)
|
Bottom of the 3rd over - 0 runs, 1 hit, 0 errors, 1 left on base; San Antonio 1 - Asheville 6 |
TOP OF THE 4TH |
San Antonio BC batting - Pitching for Asheville Highlanders : RHP Jacob Petithomme
|
Batting: RHB Chet Mathis
|
0-0: Ball 1-0: Ground out 6-3 (Groundball, 56)
|
Batting: RHB Silverberry Mouhon
|
0-0: Called Strike 0-1: Called Strike 0-2: Ball 1-2: Strikes out swinging
|
Batting: RHB Dixon Snyder
|
0-0: Ball 1-0: Swinging Strike 1-1: SINGLE (Groundball, 6D)
|
Batting: RHB Brodie Floyd
|
0-0: Foul Ball, location: 2F 0-1: Foul Ball, location: 2F 0-2: Foul Ball, location: 2F 0-2: Foul Ball, location: 2F 0-2: Ball 1-2: Strikes out looking
|
Top of the 4th over - 0 runs, 1 hit, 0 errors, 1 left on base; San Antonio 1 - Asheville 6 |
BOTTOM OF THE 4TH |
Asheville Highlanders batting - Pitching for San Antonio BC : RHP Shawn Coleman
|
Batting: RHB Javier Cordero
|
0-0: Ball 1-0: Ground out 1-3 (Groundball, 13)
|
Batting: RHB Arnie Taylor
|
0-0: Ground out 3-1 (Groundball, 34S)
|
Batting: RHB Jason Alston
|
0-0: Foul Ball, location: 2F 0-1: Fly out, F7 (Flyball, 78S)
|
Bottom of the 4th over - 0 runs, 0 hits, 0 errors, 0 left on base; San Antonio 1 - Asheville 6 |
TOP OF THE 5TH |
San Antonio BC batting - Pitching for Asheville Highlanders : RHP Jacob Petithomme
|
Batting: RHB Renato Lavado
|
0-0: DOUBLE (Line Drive, 7LD)
|
Batting: RHB Tong-sik Im
|
0-0: Called Strike 0-1: Ball Wild Pitch! Renato Lavado to third 1-1: Foul Ball, location: 2F 1-2: SINGLE (Flyball, 56D) Renato Lavado scores
|
Batting: LHB Sidney Dollarhide
|
0-0: Ball 1-0: Called Strike 1-1: Foul Ball, location: 2F 1-2: Ball 2-2: SINGLE (Flyball, 9S) Tong-sik Im to second Runner from 2nd tries for 3rd, SAFE, no throw
|
Batting: RHB Alfonso Torres
|
0-0: Ball 1-0: Ground out 4-3 (Groundball, 34) Tong-sik Im scores Sidney Dollarhide to second
|
Batting: RHB Mike Howard
|
0-0: Swinging Strike 0-1: Ball 1-1: Ball 2-1: Fly out, F6 (Line Drive, 6)
|
Batting: RHB Chet Mathis
|
0-0: Called Strike 0-1: Ball 1-1: DOUBLE (Line Drive, 9D) Sidney Dollarhide scores
|
Batting: RHB Silverberry Mouhon
|
0-0: Swinging Strike 0-1: Called Strike 0-2: Ball 1-2: Foul Ball, location: 2F 1-2: Fly out, F7 (Line Drive, 78S)
|
Top of the 5th over - 3 runs, 4 hits, 0 errors, 1 left on base; San Antonio 4 - Asheville 6 |
BOTTOM OF THE 5TH |
Asheville Highlanders batting - Pitching for San Antonio BC : RHP Shawn Coleman
|
Batting: LHB DeMarvion Overshown
|
0-0: Ball 1-0: Ball 2-0: Ball 3-0: Called Strike 3-1: Fly out, F2 (Popup, 25F)
|
Batting: LHB Johnny Carter
|
0-0: Ball 1-0: Ball 2-0: Called Strike 2-1: Foul Ball, location: 2F 2-2: Foul Ball, location: 2F 2-2: Strikes out swinging
|
Batting: RHB Tae-gyoon Ch'oe
|
0-0: Ball 1-0: Ball 2-0: SOLO HOME RUN (Flyball, 78XD), Distance : 405 ft
|
Batting: RHB Yoshihiro Iwasaki
|
0-0: Fly out, F3 (Popup, 3SF)
|
Bottom of the 5th over - 1 run, 1 hit, 0 errors, 0 left on base; San Antonio 4 - Asheville 7 |
TOP OF THE 6TH |
San Antonio BC batting - Pitching for Asheville Highlanders : RHP Jacob Petithomme
|
Batting: RHB Dixon Snyder
|
0-0: Fly out, F8 (Flyball, 8LM)
|
Batting: RHB Brodie Floyd
|
0-0: Ground out 5-3 (Groundball, 5S)
|
Batting: RHB Renato Lavado
|
0-0: Ground out 6-3 (Groundball, 6S)
|
Top of the 6th over - 0 runs, 0 hits, 0 errors, 0 left on base; San Antonio 4 - Asheville 7 |
BOTTOM OF THE 6TH |
Asheville Highlanders batting - Pitching for San Antonio BC : RHP Shawn Coleman
|
Pitching: LHP Ken Borrego
|
|
Batting: SHB Jeff Lowe
|
0-0: Ball 1-0: Ball 2-0: Foul Ball, location: 2F 2-1: Ball 3-1: Foul Ball, location: 2F 3-2: Foul Ball, location: 2F 3-2: Ground out 6-3 (Groundball, 6)
|
Batting: LHB Luis Serrano
|
0-0: Fly out, F8 (Flyball, 8RM)
|
Batting: RHB Javier Cordero
|
0-0: DOUBLE (Flyball, 8LXD)
|
Batting: RHB Arnie Taylor
|
0-0: Called Strike 0-1: Ball 1-1: Fly out, F8 (Flyball, 89XD)
|
Bottom of the 6th over - 0 runs, 1 hit, 0 errors, 1 left on base; San Antonio 4 - Asheville 7 |
TOP OF THE 7TH |
San Antonio BC batting - Pitching for Asheville Highlanders : RHP Jacob Petithomme
|
Batting: RHB Tong-sik Im
|
0-0: Called Strike 0-1: Swinging Strike 0-2: Ground out 6-3 (Groundball, 56D)
|
Batting: LHB Sidney Dollarhide
|
0-0: Ball 1-0: Ball 2-0: Foul Ball, location: 2F 2-1: Ball 3-1: Base on Balls
|
Batting: RHB Alfonso Torres
|
0-0: Swinging Strike 0-1: Ball 1-1: Ball 2-1: Foul Ball, location: 2F 2-2: SINGLE (Flyball, 9LS) Sidney Dollarhide to second Runner from 2nd tries for 3rd, SAFE, no throw
|
Batting: RHB Mike Howard
|
0-0: Called Strike 0-1: Called Strike 0-2: Ball 1-2: Ball 2-2: Ball 3-2: Foul Ball, location: 2F 3-2: Foul Ball, location: 2F 3-2: Grounds into double play, 5-4-3 (Groundball, 56)
|
Top of the 7th over - 0 runs, 1 hit, 0 errors, 1 left on base; San Antonio 4 - Asheville 7 |
BOTTOM OF THE 7TH |
Asheville Highlanders batting - Pitching for San Antonio BC : LHP Ken Borrego
|
Batting: RHB Jason Alston
|
0-0: Ball 1-0: Ball 2-0: Swinging Strike 2-1: Foul Ball, location: 2F 2-2: Foul Ball, location: 2F 2-2: Ground out 6-3 (Groundball, 6)
|
Batting: LHB DeMarvion Overshown
|
0-0: Called Strike 0-1: Called Strike 0-2: Strikes out swinging
|
Batting: LHB Johnny Carter
|
0-0: Ball 1-0: Ground out 4-3 (Groundball, 4)
|
Bottom of the 7th over - 0 runs, 0 hits, 0 errors, 0 left on base; San Antonio 4 - Asheville 7 |
TOP OF THE 8TH |
San Antonio BC batting - Pitching for Asheville Highlanders : RHP Jacob Petithomme
|
Pitching: RHP Paco Garza
|
|
Batting: RHB Chet Mathis
|
0-0: Fly out, F7 (Flyball, 7S)
|
Batting: RHB Silverberry Mouhon
|
0-0: Swinging Strike 0-1: Foul Ball, location: 2F 0-2: Strikes out looking
|
Batting: RHB Dixon Snyder
|
0-0: Swinging Strike 0-1: Foul Ball, location: 2F 0-2: Foul Ball, location: 2F 0-2: SINGLE (Groundball, 6MD)
|
Batting: RHB Brodie Floyd
|
0-0: SINGLE (Flyball, 78S) Dixon Snyder to second
|
Batting: RHB Renato Lavado
|
0-0: Fly out, F7 (Flyball, 78S)
|
Top of the 8th over - 0 runs, 2 hits, 0 errors, 2 left on base; San Antonio 4 - Asheville 7 |
BOTTOM OF THE 8TH |
Asheville Highlanders batting - Pitching for San Antonio BC : LHP Ken Borrego
|
Batting: RHB Tae-gyoon Ch'oe
|
0-0: Called Strike 0-1: Ball 1-1: Ball 2-1: Fly out, F7 (Flyball, 7)
|
Batting: RHB Yoshihiro Iwasaki
|
0-0: Ball 1-0: Foul Ball, location: 2F 1-1: SINGLE (Line Drive, 89M)
|
Batting: SHB Jeff Lowe
|
0-0: Ball 1-0: Called Strike 1-1: Foul Ball, location: 2F 1-2: Strikes out swinging
|
Batting: LHB Luis Serrano
|
0-0: Ground out U3 (Groundball, 3S)
|
Bottom of the 8th over - 0 runs, 1 hit, 0 errors, 1 left on base; San Antonio 4 - Asheville 7 |
TOP OF THE 9TH |
San Antonio BC batting - Pitching for Asheville Highlanders : RHP Paco Garza
|
Pitching: RHP José Rosales
|
|
Batting: RHB Tong-sik Im
|
0-0: Fly out, F8 (Flyball, 8RD)
|
Batting: LHB Sidney Dollarhide
|
0-0: Ball 1-0: Ball 2-0: Ball 3-0: Called Strike 3-1: Base on Balls
|
Batting: RHB Alfonso Torres
|
0-0: Ball 1-0: Reached on error, E5 (Groundball, 56S) Sidney Dollarhide to second
|
Batting: RHB Mike Howard
|
0-0: Fly out, F9 (Flyball, 9LM)
|
Batting: RHB Chet Mathis
|
0-0: Foul Ball, location: 2F 0-1: Ball 1-1: Ball 2-1: Foul Ball, location: 2F 2-2: Foul Ball, location: 2F 2-2: Strikes out swinging
|
Top of the 9th over - 0 runs, 0 hits, 1 error, 2 left on base; San Antonio 4 - Asheville 7 |
|